 Dungeon Crawl Stone Soup version 0.29-a0-352-g0917bc69df (webtiles) character file.

Game seed: 15558135854786552345

273826 bjtr the Maledictor (level 19, 0/101 HPs)
             Began as a Spriggan Arcane Marksman on Apr 11, 2022.
             Was a High Priest of Elyvilon.
             Killed themself with a badly aimed iceblast (12 damage)
             ... on level 3 of the Elven Halls on Apr 24, 2022.
             The game lasted 10:58:36 (85895 turns).

bjtr the Maledictor (Spriggan Arcane Marksman)     Turns: 85895, Time: 10:58:37

Health: 0/101      AC: 14    Str:  6    XL:     19   Next: 51%
Magic:  30/43      EV: 33    Int: 21    God:    Elyvilon [*****.]
Gold:   553        SH:  5    Dex: 21    Spells: 6/56 levels left

rFire   + + +      SeeInvis +   b - +8 dagger "Pafoicza" {venom, *Corrode rC++ Dex+4}
rCold   + + +      Faith    .   (no shield)
rNeg    . . .      Spirit   .   w - +4 skin of Zhor {*Englaciate rC+++ SInv}
rPois   +          Reflect  +   g - +2 hat
rElec   .          Harm     .   u - +5 cloak of Makhleb {rC+ Dex+3}
rCorr   +          Rampage  .   (gloves unavailable)
Will    +++..                   (boots unavailable)
Stlth   +++++.....              l - amulet of reflection
HPRegen 0.26/turn               k - ring "Pugguore" {rF+++ rC+ rCorr Dex-3 Stlth+}
MPRegen 0.28/turn               C - ring "Laipaqun" {Wiz +Blink rPois}

@: on blink cooldown, studying Translocations, unable to read, very quick
A: very small, no large weapons, unfitting armour, see invisible, speed 3,
inability to read while threatened
}: 2/15 runes: serpentine, barnacled
a: Renounce Religion, Evoke Blink, Purification, Heal Other, Heal Self, Divine
Vigour


You were on level 3 of the Elven Halls.
You worshipped Elyvilon.
Elyvilon was extremely pleased with you.
You visited 8 branches of the dungeon, and saw 36 of its levels.
You also visited: Gauntlet and Wizlab.

You collected 3758 gold pieces.
You spent 3205 gold pieces at shops.

Inventory:

Hand Weapons
 a - a +7 shortbow of electrocution
 b - the +8 dagger "Pafoicza" (weapon) {venom, *Corrode rC++ Dex+4}
   (You found it on level 1 of the Elven Halls)

   It poisons the flesh of those it strikes.
   Dex:       It affects your dexterity (+4).
   rC:        It greatly protects you from cold.
   *Corrode:  It may corrode you when you take damage.
 i - the +7 hand axe "Koxan" {antimagic, rC+ Will++}
   (You found it on level 3 of the Shoals)

   It reduces the magical energy of the wielder, and disrupts the spells and
   magical abilities of those it strikes.
   Natural abilities and divine invocations are not affected.
   rC:        It protects you from cold.
   Will:      It greatly increases your willpower.
 j - a +4 shortbow of freezing
 v - a +12 dagger
 z - a +2 lajatang of speed
 K - a +4 rapier of electrocution
 R - a +5 broad axe of flaming
Missiles
 D - 6 atropa-tipped darts
 F - 13 curare-tipped darts
 I - 2 throwing nets
 V - 18 boomerangs of dispersal
 Z - 2 silver boomerangs
Armour
 g - a +2 hat (worn)
 u - the +5 cloak of Makhleb (worn) {rC+ Dex+3}
   (You found it in a wizard's laboratory)

   Dex:       It affects your dexterity (+3).
   rC:        It protects you from cold.
 w - the +4 skin of Zhor (worn) {*Englaciate rC+++ SInv}
   (You found it on level 3 of the Shoals)

   It radiates cold, occasionally slowing all nearby creatures who are not
   resistant to cold.
   rC:        It renders you almost immune to cold.
   SInv:      It lets you see invisible.
 T - the +2 cloak of the Thief {*Fog Slay-2 SInv Stlth+}
   (You found it in a wizard's laboratory)

   It may release a thick cloud of smoke when the wearer is hurt.
   Slay:      It affects your accuracy & damage with ranged weapons and melee
   (-2).
   SInv:      It lets you see invisible.
   Stlth:     It makes you more stealthy.
Jewellery
 d - a ring of positive energy
 k - the ring "Pugguore" (left hand) {rF+++ rC+ rCorr Dex-3 Stlth+}
   (You found it in a Gauntlet)

   [ring of protection from cold]

   Dex:       It affects your dexterity (-3).
   rF:        It renders you almost immune to fire.
   rC:        It protects you from cold.
   rCorr:     It protects you from acid and corrosion.
   Stlth:     It makes you more stealthy.
 l - an amulet of reflection (around neck)
 o - a +4 ring of evasion
 r - the amulet of Buohenoq {Faith rC- Will+++ Regen+ Dex-4}
   (You acquired it on level 12 of the Dungeon)

   [amulet of faith]

   It allows you to gain divine favour quickly.
   Dex:       It affects your dexterity (-4).
   rC:        It makes you vulnerable to cold.
   Regen:     It increases your rate of health regeneration.
   Will:      It greatly increases your willpower.
 B - a +4 ring of protection
 C - the ring "Laipaqun" (right hand) {Wiz +Blink rPois}
   (You bought it in a shop on level 2 of the Orcish Mines)

   [ring of wizardry]

   It improves your spell success rate.
   rPois:     It protects you from poison.
   +Blink:    It lets you blink.
 M - a ring of flight
Wands
 e - a wand of iceblast (6)
 m - a wand of flame (44)
 x - a wand of digging (20)
 J - a wand of acid (5)
 L - a wand of paralysis (13)
 P - a wand of charming (13)
Scrolls
 c - 4 scrolls of vulnerability
 f - 12 scrolls of teleportation
 n - 2 scrolls of blinking
 t - a scroll of enchant armour
 A - 8 scrolls of fear
 H - 5 scrolls of fog
 O - 5 scrolls of magic mapping
 Q - a scroll of holy word
 S - a scroll of summoning
 U - a scroll of brand weapon
Potions
 h - 8 potions of curing
 p - 5 potions of might
 q - 7 potions of brilliance
 s - 3 potions of ambrosia
 N - a potion of cancellation
 W - a potion of resistance
 X - 4 potions of magic
Miscellaneous
 y - a tin of tremorstones (2/2)
 E - a phantom mirror
 G - a phial of floods
 Y - a box of beasts


   Skills:
 + Level 11.7 Fighting
 + Level 5.5 Short Blades
 + Level 16.6 Bows
 - Level 4.3 Armour
 * Level 17.0 Dodging
 + Level 5.9 Stealth
 + Level 19.0 Spellcasting
 + Level 21.2 Hexes
 + Level 10.4 Translocations
 + Level 6.9 Transmutations
 + Level 9.3 Invocations
 + Level 2.3 Evocations


You had 6 spell levels left.
You knew the following spells:

 Your Spells              Type           Power      Damage    Failure   Level
a - Slow                  Hex            100%       N/A       0%          1
b - Ensorcelled Hibernat  Hex/Ice        100%       N/A       1%          2
c - Cause Fear            Hex            41%        N/A       0%          4
d - Inner Flame           Hex/Fire       59%        N/A       1%          3
e - Portal Projectile     Hex/Tloc       100%       N/A       0%          3
f - Metabolic Englaciati  Hex/Ice        29%        N/A       1%          5
g - Summon Mana Viper     Hex/Summ       59%        N/A       1%          5
h - Shock                 Conj/Air       80%        1d8       1%          1
i - Passwall              Tmut/Erth      28%        N/A       1%          2
j - Silence               Hex/Air        29%        N/A       1%          5
k - Yara's Violent Unrav  Hex/Tmut       34%        3d14      1%          5
l - Swiftness             Air            20%        N/A       3%          3
m - Leda's Liquefaction   Hex/Erth       29%        N/A       1%          4
n - Olgreb's Toxic Radia  Pois           20%        N/A       11%         4
o - Ignite Poison         Fire/Tmut/Pois 29%        N/A       1%          3

Your spell library contained the following spells:

 Spells                   Type           Power      Damage    Failure   Level
 Confusing Touch          Hex            83%        N/A       0%          3
 Tukima's Dance           Hex            83%        N/A       0%          3
 Apportation              Tloc           100%       N/A       1%          1
 Sandblast                Erth           40%        2d10      1%          1
 Corpse Rot               Necr/Air       40%        N/A       1%          2
 Poisonous Vapours        Pois/Air       40%        N/A       1%          2
 Summon Guardian Golem    Hex/Summ       59%        N/A       1%          3
 Iskenderun's Mystic Bla  Conj/Tloc      41%        2d9       1%          4
 Passage of Golubria      Tloc           59%        N/A       1%          4
 Manifold Assault         Tloc           59%        N/A       1%          5
 Petrify                  Tmut/Erth      34%        N/A       2%          4
 Dispersal                Tloc           29%        N/A       2%          6
 Conjure Flame            Conj/Fire      20%        6-21      3%          3
 Ozocubu's Armour         Ice            20%        N/A       3%          3
 Stone Arrow              Conj/Erth      40%        3d9       3%          3
 Vampiric Draining        Necr           20%        2d7       3%          3
 Summon Forest            Summ/Tloc      20%        N/A       3%          5
 Alistair's Intoxication  Tmut/Pois      22%        N/A       7%          5
 Airstrike                Air            10%        N/A       11%         4
 Animate Dead             Necr           10%        N/A       11%         4
 Dispel Undead            Necr           20%        3d11      11%         4
 Sticky Flame             Conj/Fire      20%        2d4       11%         4
 Fireball                 Conj/Fire      10%        3d6       26%         5
 Lee's Rapid Deconstruct  Erth           10%        3d9*      26%         5
 Eringya's Noxious Bog    Tmut/Pois      17%        N/A       34%         6
 Statue Form              Tmut/Erth      22%        N/A       34%         6
 Death Channel            Necr           10%        N/A       80%         6
 Simulacrum               Ice/Necr       10%        N/A       80%         6
 Starburst                Conj/Fire      10%        6d5       80%         6
 Summon Cactus Giant      Summ           10%        N/A       80%         6
 Discord                  Hex            41%        N/A       1%          8
 Haunt                    Necr/Summ      10%        N/A       100%        7
 Monstrous Menagerie      Summ           10%        N/A       100%        7
 Orb of Destruction       Conj           10%        9d6       100%        7
 Spellforged Servitor     Conj/Summ      10%        N/A       100%        7
 Summon Hydra             Summ           10%        N/A       100%        7
 Ignition                 Fire           10%        3d5       100%        8
 Infestation              Necr           10%        N/A       100%        8
 Lehudib's Crystal Spear  Conj/Erth      10%        10d4      100%        8


Dungeon Overview and Level Annotations

Branches:
Dungeon (15/15)            Temple (1/1) D:5            Lair (6/6) D:11
 Shoals (4/4) Lair:4        Snake (4/4) Lair:2        Slime (0/5) Lair:5
    Orc (2/2) D:11            Elf (3/3) Orc:2        Vaults (1/5) D:13
 Depths (0/4) D:15         WizLab (visited)         Gauntlet (visited)

Altars:
Ashenzari
Cheibriados
Dithmenos
Elyvilon
Fedhas
Gozag
Hepliaklqana
Kikubaaqudgha
Makhleb
Nemelex Xobeh
Okawaru
Qazlal
Ru
Sif Muna
Trog
Uskayaw
Vehumet
Wu Jian
Xom
Yredelemnul
Zin
The Shining One
Beogh
Jiyva

Shops:
D:1 (   D:13 =   Orc:2 ==[(?   Elf:1 *:[![   Elf:2 ?   Elf:3 ?   Shoals:2 ?=
Shoals:3 [   Snake:1 :=:   Snake:3 *   Snake:4 ?   Vaults:1 ?

Portals:
Trove: D:10 (show abyssal rune of Zot)

Annotations:
Elf:2 3 runed translucent doors


Innate Abilities, Weirdness & Mutations

You are very small and have problems with some larger weapons.
You are too small for most types of armour.
You have supernaturally acute eyesight. (SInv)
You cover ground extremely quickly. (Speed+++)
You sometimes lose the ability to read scrolls when taking damage.


Message History

The +8 dagger "Pafoicza" {venom, *Corrode rC++ Dex+4} begins to drip with poison!
b - the +8 dagger "Pafoicza" (weapon)
{venom, *Corrode rC++ Dex+4} The deep elf blademaster completely misses you. x2
You completely miss the deep elf blademaster.
The deep elf blademaster is severely wounded.
The deep elf blademaster hits you with a +0 rapier.
The deep elf blademaster barely misses you.
Unknown command.
You completely miss the deep elf blademaster.
The deep elf blademaster is severely wounded.
The deep elf blademaster misses you.
The deep elf blademaster hits you with a +0 rapier!!
You feel threatened and lose the ability to read scrolls!
* * * LOW HITPOINT WARNING * * *
Unknown command.
You feel better.
You can read scrolls again.
The deep elf blademaster hits you with a +0 rapier.
* * * LOW HITPOINT WARNING * * *
The deep elf blademaster completely misses you.
The deep elf blademaster closely misses you.
The deep elf blademaster barely misses you.
Aiming: Paralyse
Press: ? - help, Shift-Dir - straight line, f/p - deep elf blademaster
Aim: a deep elf blademaster, wielding two +0 rapiers and wearing a +0 leather armour (severely wounded, chance to affect: 0%)
Okay, then.
Aiming: Corrosive Bolt
Press: ? - help, Shift-Dir - straight line, f/p - deep elf blademaster
Aim: a deep elf blademaster, wielding two +0 rapiers and wearing a +0 leather armour (severely wounded, 27% to hit)
Okay, then.
Aiming: Iceblast
Press: ? - help, Shift-Dir - straight line, f/p - deep elf blademaster
Aim: a deep elf blademaster, wielding two +0 rapiers and wearing a +0 leather armour (severely wounded) That beam is likely to hit you.
Continue anyway?
The mass of ice explodes!
The iceblast engulfs the deep elf blademaster!
The deep elf blademaster is almost dead.
The iceblast engulfs you! You partially resist.
You feel threatened and lose the ability to read scrolls!
You die...

######### ####### #.......#
##...<.## ##.......## ##
##.......## #.........# ##.
##.........####.........## ##..
#...........##...........# #...
##...........##.@e........# #...
.+...........##.....^.....# #...
##...........###≈≈≈......##
##'.. #...........##≈≈≈≈≈.....#
##.##.
##.........###≈≈∩......####.####
##'.......'###≈≈≈≈≈....###.## #
##.##.....##.##.≈≈≈'######.## #
#.######'####.)####.## ##.## #
.....................###.## ####


You could see a deep elf blademaster.

Vanquished Creatures
  A tentacled monstrosity (WizLab)
  A deep elf blademaster (Elf:3)
  A deep elf master archer (Elf:3)
  A tengu reaver (Vaults:1)
  A sphinx (Vaults:1)
  Kirke (Snake:1)
  Agnes (D:15)
  The ghost of Holoquod the Severer, an adept MiMo of Ashenzari (Snake:4)
  6 nagarajas (Snake:4)
  A fire giant (D:13)
  A frost giant (shapeshifter) (D:12)
  2 deep elf sorcerers (Elf:3)
  Aizul (Snake:1)
  A vault warden (Vaults:1)
  An orc warlord (Orc:2)
  3 deep elf elementalists (Elf:3)
  A deep elf demonologist (Elf:1)
  A minotaur (Gauntlet)
  The ghost of experimilk the Severer, a journeyman PaFi of Nemelex Xobeh (Lair:4)
  2 ettins
  8 merfolk impalers
  2 merfolk javelineers (Shoals:4)
  4 yaktaur captains (Vaults:1)
  4 deep elf death magi
  A great orb of eyes (Vaults:1)
  2 deep elf high priests
  A rakshasa (WizLab)
  An ice dragon (D:13)
  3 boulder beetles
  6 hydras
  19 naga warriors
  2 catoblepae
  An alligator snapping turtle (Shoals:2)
  A death knight (D:12)
  4 merfolk aquamancers
  3 merfolk avatars
  9 centaur warriors
  9 anacondas
  2 ironbound frosthearts (Vaults:1)
  10 dancing weapons
  6 two-headed ogres
  2 tengu warriors
  3 satyrs (Shoals:4)
  7 naga sharpshooters
  4 shock serpents
  A thrashing horror (WizLab)
  4 orc high priests
  Sonja (Lair:4)
  7 deep elf knights
  Nergalle (Lair:4)
  A sixfirhy (WizLab)
  7 skeletal warriors
  A shadow wraith (WizLab)
  Lodul (D:14)
  5 salamander mystics
  A deep troll (D:15)
  A glowing orange brain (WizLab)
  8 deep elf archers
  An obsidian statue (WizLab)
  9 naga ritualists
  10 sea snakes
  4 wizards
  9 harpies
  31 deep elf pyromancers
  A necromancer (D:15)
  3 ironbound convokers (Vaults:1)
  4 orc knights (Orc:2)
  8 mana vipers
  19 deep elf zephyrmancers
  5 lindwurms (Vaults:1)
  An oklob plant (Shoals:4)
  5 orc sorcerers
  18 ugly things
  16 salamanders
  9 cyclopes
  17 manticores
  8 fauns
  A salamander (shapeshifter) (Elf:3)
  A stone giant skeleton (WizLab)
  9 elephants
  8 merfolk sirens
  30 black mambas
  3 guardian serpents
  18 naga magi
  4 water nymphs
  7 cane toads
  2 gargoyles
  A torpor snail (Lair:5)
  3 vault sentinels (Vaults:1)
  6 orange demons
  A cane toad (shapeshifter) (D:14)
  4 centaur skeletons (D:13)
  An unseen horror (D:11)
  5 komodo dragons
  2 rime drakes
  18 yaktaurs
  A yaktaur skeleton (WizLab)
  An efreet (D:15)
  2 hellwings (WizLab)
  3 red devils
  2 tengu conjurers
  6 trolls
  11 polar bears
  16 merfolk
  3 wind drakes
  6 hornets
  5 slime creatures (Vaults:1)
  18 blink frogs
  14 snapping turtles
  3 large abominations
  12 dream sheep
  2 air elementals
  A spriggan (shapeshifter) (Elf:1)
  12 spriggans (Lair:6)
  2 shadows (D:9)
  7 starcursed masses (WizLab)
  3 wraiths
  16 water elementals
  A basilisk (Lair:5)
  2 humans (Snake:1)
  6 wyverns
  73 yaks
  4 hogs (Snake:1)
  2 small abominations (Gauntlet)
  2 steam dragons
  4 fire elementals
  A golden eye (shapeshifter) (Elf:3)
  Grum (D:8)
  6 spatial vortices (WizLab)
  12 vampire mosquitoes
  3 wargs
  A naga (shapeshifter) (D:9)
  27 nagas
  2 acid dragons
  A hell hound (WizLab)
  14 water moccasins
  3 black bears
  2 ice beasts
  28 orc warriors
  11 centaurs
  5 boggarts
  39 wolves
  7 ogres
  6 kobold brigands
  14 bullfrogs
  2 gnoll sergeants
  2 necrophages
  2 scorpions
  2 earth elementals
  4 wights (D:8)
  11 killer bees
  5 electric eels (Elf:3)
  3 hounds
  A jelly (D:5)
  17 orc priests
  2 gnoll shamans (D:8)
  7 iguanas
  Terence (D:2)
  24 orc wizards
  13 gnolls
  12 adders
  2 shadow imps
  4 white imps
  An ufetubus (D:5)
  84 orcs
  5 endoplasms
  A giant cockroach (D:3)
  4 goblins
  5 hobgoblins
  2 jackals (D:1)
  4 quokkas
  9 ball pythons
  2 bats (D:2)
  2 frilled lizards
  21 kobolds
  5 rats
  A bush (Lair:6)
1167 creatures vanquished.

Vanquished Creatures (collateral kills)
  Nikola (Vaults:1)
  2 nagarajas (Snake:3)
  A deep elf elementalist (Elf:3)
  A deep elf annihilator (Elf:2)
  A merfolk impaler (Shoals:4)
  A great orb of eyes (WizLab)
  A peacekeeper (Vaults:1)
  3 dancing weapons
  A mana viper (Snake:1)
  A deep elf pyromancer (Elf:2)
  An ugly thing (WizLab)
  A harpy (Shoals:3)
  2 black mambas
  A komodo dragon (Lair:5)
  A merfolk (Shoals:3)
  A raiju (Gauntlet)
  An air elemental (Elf:1)
  2 water elementals
  A steam dragon (Gauntlet)
  A naga (Snake:3)
25 creatures vanquished.

Vanquished Creatures (others)
  An eldritch tentacle (WizLab)
  A deep elf annihilator (Elf:3)
  A merfolk aquamancer (Shoals:1)
  2 deep elf pyromancers (Elf:1)
  A water elemental (Elf:1)
  An orc wizard (Orc:2)
  57 fungi
  99 plants
163 creatures vanquished.

Grand Total: 1355 creatures vanquished

Notes
Turn   | Place    | Note
-------+----------+-------------------------------------------
     0 | D:1      | bjtr the Spriggan Arcane Marksman began the quest for the
                  | Orb.
     0 | D:1      | Reached XP level 1. HP: 9/9 MP: 3/3
    37 | D:1      | Found Guwum's Antique Weapon Emporium.
   220 | D:1      | Reached skill level 4 in Hexes
   225 | D:1      | Reached XP level 2. HP: 14/14 MP: 5/5
   778 | D:2      | Noticed Terence
   830 | D:2      | Killed Terence
   831 | D:2      | Reached XP level 3. HP: 17/17 MP: 4/6
  1081 | D:2      | Reached skill level 1 in Fighting
  1403 | D:3      | Reached XP level 4. HP: 22/22 MP: 7/7
  2714 | D:4      | Reached skill level 5 in Bows
  2860 | D:4      | Reached XP level 5. HP: 25/25 MP: 8/8
  3358 | D:5      | Entered Level 5 of the Dungeon
  3545 | D:5      | Reached XP level 6. HP: 30/30 MP: 8/10
  3553 | D:5      | Noticed an ice beast
  3581 | D:4      | Reached skill level 5 in Hexes
  3778 | D:5      | Found a staircase to the Ecumenical Temple.
  3795 | D:5      | Learned a level 2 spell: Ensorcelled Hibernation
  3862 | D:5      | Killed an ice beast
  3942 | D:5      | Reached XP level 7. HP: 34/34 MP: 9/11
  4236 | Temple   | Entered the Ecumenical Temple
  4327 | Temple   | Became a worshipper of Elyvilon the Healer
  4719 | D:1      | Bought a crystal quarterstaff for 189 gold pieces
  4719 | D:1      | Identified the +5 quarterstaff of the New World {vamp,
                  | *Noise rF+ rC+} (You bought it in a shop on level 1 of the
                  | Dungeon)
  4970 | D:6      | Reached skill level 6 in Hexes
  5159 | D:6      | Reached skill level 1 in Stealth
  5440 | D:6      | Reached XP level 8. HP: 39/39 MP: 12/14
  5668 | D:6      | Reached * piety under Elyvilon
  5728 | D:6      | Reached skill level 7 in Hexes
  6111 | D:6      | Learned a level 4 spell: Cause Fear
  6115 | D:6      | Learned a level 3 spell: Inner Flame
  6119 | D:6      | Learned a level 3 spell: Portal Projectile
  6279 | D:6      | Reached skill level 1 in Short Blades
  6826 | D:7      | Reached ** piety under Elyvilon
  7215 | D:7      | Reached skill level 8 in Hexes
  7497 | D:7      | Reached XP level 9. HP: 44/44 MP: 13/16
  8097 | D:8      | Noticed a two-headed ogre
  8102 | D:8      | Reached skill level 10 in Bows
  8169 | D:8      | Killed a two-headed ogre
  8170 | D:8      | Reached skill level 5 in Spellcasting
  8170 | D:8      | Reached skill level 9 in Hexes
  8453 | D:8      | Noticed Grum
  8935 | D:8      | Killed Grum
  9283 | D:8      | Reached skill level 10 in Hexes
  9290 | D:8      | Reached XP level 10. HP: 49/49 MP: 11/20
 11021 | D:9      | Found a shimmering altar of Xom.
 11259 | D:9      | Reached skill level 11 in Hexes
 11466 | D:10     | Entered Level 10 of the Dungeon
 11617 | D:10     | Reached *** piety under Elyvilon
 11819 | D:10     | Reached skill level 1 in Armour
 12886 | D:10     | Found a portal to a secret trove of treasure.
 13524 | D:11     | Noticed a cyclops
 13536 | D:11     | Killed a cyclops
 13643 | D:11     | Reached XP level 11. HP: 54/54 MP: 19/24
 13647 | D:11     | Reached skill level 12 in Hexes
 13656 | D:11     | Noticed a boulder beetle
 13667 | D:11     | Reached skill level 1 in Translocations
 13698 | D:11     | Killed a boulder beetle
 14151 | D:11     | Found a staircase to the Orcish Mines.
 14295 | D:11     | Found a staircase to the Lair.
 14355 | D:11     | Found a stormy altar of Qazlal.
 14707 | D:11     | Reached **** piety under Elyvilon
 15865 | D:12     | Noticed a four-headed hydra
 15874 | D:12     | Killed a four-headed hydra
 15875 | D:12     | Reached skill level 13 in Hexes
 16908 | D:13     | Noticed a death knight
 16988 | D:13     | Noticed a white ugly thing
 17028 | D:12     | Killed a white ugly thing
 17029 | D:12     | Reached skill level 5 in Fighting
 17162 | D:13     | Noticed a deep elf pyromancer
 17321 | D:13     | Found Daos's Jewellery Shop.
 17322 | D:13     | Noticed a centaur warrior
 17342 | D:13     | Killed a centaur warrior
 17683 | D:13     | Noticed a purple ugly thing
 17748 | D:12     | Killed a purple ugly thing
 17749 | D:12     | Reached XP level 12. HP: 60/60 MP: 26/26
 18178 | D:13     | Noticed a centaur warrior
 18182 | D:13     | Elyvilon protects you from harm!
 18183 | D:13     | HP: 1/60 [centaur warrior/arrow (15)]
 18379 | Lair:1   | Entered Level 1 of the Lair of Beasts
 18556 | Lair:1   | Learned a level 5 spell: Metabolic Englaciation
 18612 | Lair:1   | Reached ***** piety under Elyvilon
 18966 | Lair:1   | Reached skill level 10 in Spellcasting
 18966 | Lair:1   | Reached skill level 14 in Hexes
 19304 | Lair:1   | Reached skill level 5 in Dodging
 19611 | Lair:2   | Noticed a five-headed hydra
 19613 | Lair:2   | Noticed a catoblepas
 19632 | Lair:2   | Killed a five-headed hydra
 19639 | Lair:2   | Killed a catoblepas
 20267 | Lair:2   | Found a staircase to the Snake Pit.
 20558 | Lair:2   | Reached skill level 15 in Hexes
 20970 | Lair:3   | Noticed a catoblepas
 21123 | Lair:3   | Reached XP level 13. HP: 65/65 MP: 25/28
 21181 | Lair:3   | Reached ****** piety under Elyvilon
 23232 | Lair:4   | Noticed Nergalle
 23256 | Lair:4   | Killed Nergalle
 23419 | Lair:4   | Found a staircase to the Shoals.
 23634 | Lair:4   | Found a runed translucent gate.
 23634 | Lair:4   | Found a runed translucent gate.
 23634 | Lair:4   | Found a runed translucent gate.
 23634 | Lair:4   | Noticed experimilk's ghost (journeyman PaFi)
 23663 | Lair:4   | Noticed Sonja
 23674 | Lair:4   | Killed Sonja
 24611 | Lair:4   | Killed experimilk's ghost
 24750 | Lair:5   | Found a gate leading to a gauntlet.
 24771 | Gauntlet | Entered a Gauntlet
 24771 | Gauntlet | Found a transporter.
 24771 | Gauntlet | Found a transporter.
 24771 | Gauntlet | Found a transporter.
 24772 | Gauntlet | Found a transporter.
 24773 | Gauntlet | Found a transporter.
 24776 | Gauntlet | Found a transporter.
 24783 | Gauntlet | Found a transporter.
 24784 | Gauntlet | Found a transporter.
 24785 | Gauntlet | Found a transporter.
 24787 | Gauntlet | Found a transporter.
 24795 | Gauntlet | Found a transporter.
 24800 | Gauntlet | Found a transporter.
 24917 | Gauntlet | Learned a level 5 spell: Summon Mana Viper
 24919 | Gauntlet | Learned a level 1 spell: Shock
 25220 | Gauntlet | Identified the ring "Pugguore" {rF+++ rC+ rCorr Dex-3
                  | Stlth+}
 25223 | Gauntlet | Got Tirez's Incunabulum of Blistering Illusion
 25336 | Gauntlet | Noticed a minotaur
 25388 | Gauntlet | Killed a minotaur
 25787 | Lair:5   | Found a viscous altar of Jiyva.
 25787 | Lair:5   | Found a staircase to the Slime Pits.
 25870 | Lair:5   | Reached skill level 15 in Bows
 26070 | Lair:5   | Reached skill level 16 in Hexes
 26690 | Lair:5   | Found a shadowy altar of Dithmenos.
 27550 | Lair:6   | Entered Level 6 of the Lair of Beasts
 28433 | Lair:6   | Reached XP level 14. HP: 70/70 MP: 29/31
 29994 | Lair:6   | Upgraded the game from 0.29-a0-323-g050149af67 to
                  | 0.29-a0-330-g52719c12eb
 30456 | Lair:6   | Reached skill level 17 in Hexes
 30722 | Lair:6   | Reached skill level 1 in Transmutations
 31779 | Lair:6   | Reached skill level 10 in Dodging
 33625 | D:13     | Noticed a fire giant
 33672 | D:13     | Killed a fire giant
 33673 | D:13     | Reached skill level 5 in Translocations
 34094 | D:13     | Identified a scroll of acquirement
 34103 | D:13     | Was placed under penance by Elyvilon
 34453 | D:13     | Learned a level 2 spell: Passwall
 35136 | D:12     | Acquired the amulet of Buohenoq {Faith rC- Will+++ Regen+
                  | Dex-4}
 35192 | D:13     | Noticed an emperor scorpion
 35489 | D:13     | Noticed a quicksilver dragon
 35664 | D:13     | Found the +5 demon whip "Spellbinder" {antimagic, Will+}
 35844 | D:13     | Noticed a caustic shrike
 35858 | D:12     | HP: 3/72 [acid (10)]
 35862 | D:12     | Elyvilon protects you from harm!
 35862 | D:12     | HP: 1/72 [acid (8)]
 36024 | Shoals:1 | Entered Level 1 of the Shoals
 36046 | Shoals:1 | Was forgiven by Elyvilon
 36599 | Shoals:1 | Learned a level 5 spell: Silence
 36895 | Shoals:1 | Upgraded the game from 0.29-a0-330-g52719c12eb to
                  | 0.29-a0-334-gb41bcbb86e
 37102 | Shoals:1 | You fall into a shaft and drop 1 floor!
 37314 | Shoals:1 | Reached XP level 15. HP: 75/75 MP: 27/33
 37960 | Shoals:2 | Reached skill level 1 in Invocations
 37999 | Shoals:2 | Reached skill level 5 in Transmutations
 38464 | Shoals:2 | Found Miliybepp's Magic Scroll Shoppe.
 38476 | Shoals:2 | Bought a scroll of teleportation for 60 gold pieces
 38476 | Shoals:2 | Bought a scroll of magic mapping for 70 gold pieces
 38476 | Shoals:2 | Bought a scroll of fear for 70 gold pieces
 38476 | Shoals:2 | Bought a scroll of teleportation for 60 gold pieces
 38476 | Shoals:2 | Bought a scroll of enchant armour for 150 gold pieces
 38500 | Shoals:2 | Found Coim's Jewellery Shoppe.
 38577 | Shoals:2 | Bought an amulet of reflection for 390 gold pieces
 39836 | Shoals:3 | Found the +4 skin of Zhor {*Englaciate rC+++ SInv}
 40351 | Shoals:3 | Found Celam's Armour Shop.
 40352 | Shoals:3 | Identified the +7 hand axe "Koxan" {antimagic, rC+ Will++}
 40729 | Shoals:4 | Entered Level 4 of the Shoals
 41464 | Shoals:3 | Upgraded the game from 0.29-a0-334-gb41bcbb86e to
                  | 0.29-a0-337-g68df138881
 42888 | Shoals:4 | Reached skill level 18 in Hexes
 44093 | Shoals:3 | HP: 3/77 [poisoned by a merfolk impaler]
 45196 | Shoals:4 | Reached skill level 1 in Evocations
 46025 | Shoals:4 | Was placed under penance by Elyvilon
 46111 | Shoals:4 | Reached XP level 16. HP: 82/82 MP: 23/35
 46687 | Shoals:4 | Identified the +1 buckler of Mezcal {rPois Int-2 SInv}
 46882 | Shoals:4 | Found an ornate altar of the Wu Jian Council.
 47639 | Shoals:4 | Got a barnacled rune of Zot
 48243 | D:12     | a caustic shrike changed into a frost giant
 48544 | D:13     | Found a gate to the Vaults.
 48601 | D:13     | Reached skill level 15 in Spellcasting
 48838 | D:14     | Reached skill level 5 in Invocations
 49475 | D:14     | Learned a level 5 spell: Yara's Violent Unravelling
 49836 | D:14     | Noticed Lodul
 49842 | D:14     | Killed Lodul
 50165 | D:14     | Reached skill level 5 in Stealth
 50509 | D:15     | Entered Level 15 of the Dungeon
 50890 | D:15     | Reached skill level 19 in Hexes
 51192 | D:15     | Found a staircase to the Depths.
 51466 | D:15     | Was forgiven by Elyvilon
 51689 | D:15     | Noticed Agnes
 51699 | D:15     | Killed Agnes
 52344 | Orc:1    | Entered Level 1 of the Orcish Mines
 52910 | Orc:2    | Entered Level 2 of the Orcish Mines
 54081 | Orc:2    | Found Kaihokki's Jewellery Emporium.
 54137 | Orc:2    | Found a staircase to the Elven Halls.
 54829 | Orc:2    | Found Kiatz's Jewellery Emporium.
 54829 | Orc:2    | Found Jacaal's Armour Shop.
 54832 | Orc:2    | Found Nireh's Weapon Emporium.
 54832 | Orc:2    | Found Vaesaph's Magic Scroll Shop.
 55457 | Elf:1    | Entered Level 1 of the Elven Halls
 55463 | Elf:1    | Reached XP level 17. HP: 88/88 MP: 32/38
 55685 | Elf:1    | Found Nougu's Antique Armour Shop.
 55687 | Elf:1    | Found Hyidghuj's Distillery.
 55687 | Elf:1    | Found Saod's Armour Boutique.
 55692 | Elf:1    | Found Oskuraotaho's Book Boutique.
 55829 | Elf:1    | Noticed a Hell Sentinel
 55836 | Elf:1    | Noticed an Ice Fiend
 55837 | Elf:1    | Noticed a Tzitzimitl
 55842 | Elf:1    | Elyvilon protects you from harm!
 56375 | Elf:1    | Paralysed by an air elemental for 1 turns
 57087 | Elf:1    | Noticed a Hell Sentinel
 57146 | Elf:1    | Paralysed by an air elemental for 1 turns
 57431 | Elf:1    | Found a runed translucent door.
 57521 | Elf:1    | Learned a level 3 spell: Swiftness
 57526 | Elf:1    | Learned a level 4 spell: Leda's Liquefaction
 58363 | Elf:1    | Found Daadigeq's Assorted Antiques.
 58605 | Elf:1    | Identified the ring "Jevioth" {Fire Will+ Str+4}
 58858 | Elf:1    | Identified the +8 dagger "Pafoicza" {venom, *Corrode rC++
                  | Dex+4}
 58893 | Elf:1    | Reached skill level 10 in Fighting
 58953 | Elf:1    | Paralysed by an air elemental for 1 turns
 59274 | Elf:1    | Paralysed by an air elemental for 1 turns
 59279 | Elf:1    | Paralysed by an air elemental for 1 turns
 59465 | Orc:2    | Bought the ring "Laipaqun" {Wiz +Blink rPois} for 771 gold
                  | pieces
 59569 | Snake:1  | Entered Level 1 of the Snake Pit
 59576 | Snake:1  | Noticed Kirke
 59590 | Snake:1  | Killed Kirke
 59594 | Snake:1  | Was placed under penance by Elyvilon
 60514 | Snake:1  | Was forgiven by Elyvilon
 60575 | Snake:1  | Noticed Aizul
 60952 | Snake:1  | Killed Aizul
 61533 | Snake:1  | Upgraded the game from 0.29-a0-337-g68df138881 to
                  | 0.29-a0-338-g1ff7896281
 62246 | Snake:1  | Found Saolavo's Jewellery Emporium.
 62247 | Snake:1  | Found Saduzure's Book Shop.
 62247 | Snake:1  | Found Adoa's Book Shop.
 62261 | Snake:1  | Bought the Disquisition on Envenoming and Earth for 640
                  | gold pieces
 63081 | Snake:1  | Learned a level 4 spell: Olgreb's Toxic Radiance
 63085 | Snake:1  | Learned a level 3 spell: Ignite Poison
 63103 | Snake:2  | Found a basalt altar of Yredelemnul.
 64035 | Snake:2  | HP: 4/90 [shock serpent/bolt of electricity (25)]
 64040 | Snake:2  | Elyvilon protects you from harm!
 66909 | Snake:3  | Reached skill level 20 in Hexes
 66976 | Snake:3  | Reached skill level 15 in Dodging
 67464 | Snake:3  | Reached XP level 18. HP: 48/95 MP: 22/40
 68596 | Snake:3  | Found Beapt's Assorted Antiques.
 68891 | Snake:4  | Entered Level 4 of the Snake Pit
 69120 | Snake:4  | Found Zoamer's Magic Scroll Shoppe.
 70026 | Snake:4  | Found a runed translucent door.
 70031 | Snake:4  | Noticed Holoquod's ghost (adept MiMo)
 71543 | Snake:4  | Upgraded the game from 0.29-a0-338-g1ff7896281 to
                  | 0.29-a0-340-g6efceafd81
 72003 | Snake:4  | Reached skill level 5 in Short Blades
 72279 | Snake:4  | Got a serpentine rune of Zot
 73020 | Snake:4  | Killed Holoquod's ghost
 73766 | Vaults:1 | Entered Level 1 of the Vaults
 73984 | Vaults:1 | Found a magical portal.
 73989 | WizLab   | Entered The Roulette of Golubria
 73989 | WizLab   | Found a transporter.
 74097 | WizLab   | Found a corrupted altar of Lugonu.
 74277 | WizLab   | Found a corrupted altar of Lugonu.
 74278 | WizLab   | Found a transporter.
 74321 | WizLab   | Found a transporter.
 74362 | WizLab   | Found a transporter.
 74380 | WizLab   | Found a transporter.
 74386 | WizLab   | Found a transporter.
 74403 | WizLab   | Found a transporter.
 74431 | WizLab   | Found the +2 cloak of the Thief {*Fog Slay-2 SInv Stlth+}
 74470 | WizLab   | Found a transporter.
 74569 | WizLab   | Found a transporter.
 74570 | WizLab   | Noticed a tentacled monstrosity
 74630 | WizLab   | Found a corrupted altar of Lugonu.
 74635 | WizLab   | Found a transporter.
 74759 | WizLab   | Found a transporter.
 74804 | WizLab   | Found a transporter.
 74934 | WizLab   | Found a transporter.
 75273 | WizLab   | Found a transporter.
 75345 | WizLab   | Killed a tentacled monstrosity
 75508 | WizLab   | Found a transporter.
 75508 | WizLab   | Found a transporter.
 75602 | WizLab   | Paralysed by accursed screaming for 1 turns
 75611 | WizLab   | Gained mutation: You sometimes lose the ability to read
                  | scrolls when taking damage. [a neqoxec]
 75785 | WizLab   | Found a transporter.
 75785 | WizLab   | Found a transporter.
 76283 | WizLab   | Got the Disquisition on Displacement
 76301 | WizLab   | Identified the +5 cloak of Makhleb {rC+ Dex+3}
 76495 | WizLab   | Upgraded the game from 0.29-a0-340-g6efceafd81 to
                  | 0.29-a0-344-ge2f44be95a
 76506 | WizLab   | Found a transporter.
 76506 | WizLab   | Found a transporter.
 78194 | Vaults:1 | Noticed Nikola
 78227 | Vaults:1 | Elyvilon protects you from harm!
 78233 | Vaults:1 | Elyvilon protects you from harm!
 78613 | Vaults:1 | Killed Nikola
 78853 | Vaults:1 | Reached XP level 19. HP: 44/100 MP: 19/42
 79307 | Vaults:1 | Reached skill level 10 in Translocations
 79814 | Vaults:1 | Found Roen's Magic Scroll Shop.
 79817 | Vaults:1 | Bought a scroll of enchant armour for 165 gold pieces
 80536 | Elf:1    | Bought a hat for 136 gold pieces
 80953 | Elf:1    | Upgraded the game from 0.29-a0-344-ge2f44be95a to
                  | 0.29-a0-350-g7790a0e70a
 80967 | Elf:2    | Found Anojaref's Magic Scroll Boutique.
 81161 | Elf:2    | Bought a scroll of enchant weapon for 142 gold pieces
 82023 | Elf:2    | Found a runed translucent gate.
 82139 | Elf:2    | Found a runed translucent gate.
 82139 | Elf:2    | Found a runed translucent gate.
 82653 | Elf:3    | Entered Level 3 of the Elven Halls
 82670 | Elf:3    | Reached skill level 21 in Hexes
 83465 | Elf:3    | Found Losogaba's Magic Scroll Shop.
 83474 | Elf:3    | Bought a scroll of summoning for 123 gold pieces
 83474 | Elf:3    | Bought a scroll of blinking for 97 gold pieces
 83474 | Elf:3    | Bought a scroll of enchant armour for 97 gold pieces
 83474 | Elf:3    | Bought a scroll of magic mapping for 45 gold pieces
 84635 | Elf:3    | Upgraded the game from 0.29-a0-350-g7790a0e70a to
                  | 0.29-a0-352-g0917bc69df
 85161 | Elf:3    | HP: 2/121 [deep elf master archer/arrow (9)]
 85174 | Elf:3    | HP: 5/121 [deep elf master archer/arrow (25)]
 85177 | Elf:3    | Elyvilon protects you from harm!
 85406 | Elf:3    | Identified the +0 chain mail of Stoicism {Dex+5}
 85770 | Elf:3    | Identified the ring "Houbb" {Int+6 Dex+6}
 85895 | Elf:3    | Killed themself with a badly aimed iceblast

Illustrated notes

Levels and vault maps discovered:
D:1:      amcnicky_arrival_single_pillar, layout_basic, serial_shops,
          shop_fountains
D:2:      layout_rooms, uniq_terence
D:3:      layout_basic
D:4:      layout_rooms
D:5:      layout_rooms, minmay_temple_entry_statues, minivault_26
D:6:      layout_loops_corners, serial_glass, glass_columns_c, glass_columns_c,
          eino_small_chamber_without_monster, minmay_between
D:7:      layout_rooms, eino_jars
D:8:      layout_loops_ring, feat_on_display, uniq_grum
D:9:      layout_basic, mainiacjoe_overflow_alcove_4
D:10:     layout_basic, nicolae_trove_entry_crossroad,
          minmay_fractal_squares_diagonal_5
D:11:     layout_roguey, erik_lair_orcish_takeover,
          minmay_orc_entry_temple_small, nicolae_qazlal_general_emergency
D:12:     layout_roguey [special_room_orc]
D:13:     layout_cave_pools, hangedman_vaults_entry_quadrant_bands,
          nicolae_stop_n_shop_2, minmay_checkered_concentric_circles
D:14:     layout_long_grid, minmay_beelzebubs_servants, uniq_lodul
D:15:     hangedman_depths_entry_civil_slaughter, layout_loops_ring,
          amcnicky_mini_rare_corridor_liquid, uniq_agnes
Temple:   mainiacjoe_temple_hex_bubbles
Lair:1:   layout_chaotic_city, grunt_megastairs_3
Lair:2:   layout_regular_city, dummy_snake_entry, serial_bayou_crossing,
          grunt_megastairs_4
Lair:3:   layout_small_grid, lemuel_fruit_tree
Lair:4:   layout_long_grid, minmay_shoals_entry_lonely_mermaid, serial_rivers,
          chequers_serial_rivers_micro_e, chequers_serial_rivers_micro_e,
          chequers_serial_rivers_large_a, chequers_serial_rivers_micro_b,
          chequers_serial_rivers_micro_e, chequers_serial_rivers_room_a,
          ebering_ghost_rock_garden, uniq_nergalle, uniq_sonja
Lair:5:   layout_loops_ring, dpeg_slime_entry_enclosed_altar,
          gauntlet_entry_generic, basic_altar
Lair:6:   minmay_lair_end_enchanted_forest, layout_loops_ring,
          chequers_serial_rivers_small_b, minivault_11
Shoals:1: layout_shoals
Shoals:2: layout_shoals, nicolae_stop_n_shop_2, minmay_shop_enchanted_jewellery
Shoals:3: layout_shoals, serial_shops, shop
Shoals:4: shoals_end_simple, layout_shoals, nicolae_shoals_lost_giant_hut,
          lemuel_oklob_altar
Snake:1:  layout_chambers, serial_bayou_shore_b, minmay_shop_grove,
          grunt_megastairs_5, uniq_kirke, uniq_aizul
Snake:2:  layout_misc_corridors, basic_altar, grunt_megastairs_2
Snake:3:  layout_honeycomb, grunt_ministairs_14, nicolae_stop_n_shop_2,
          st_stairs_13
Snake:4:  snake_pit, layout_chambers, serial_shops, shop,
          hellmonk_ghost_happy_afterlife, nicolae_large_snake_swirl
Orc:1:    layout_diamond_mine, basic_altar
Orc:2:    grunt_orc_tribal_feast, layout_caves, serial_shops, shop
Elf:1:    eino_elf_arrival_sip, layout_geoelf_grid, serial_shops, shop,
          kennysheep_underground_church, minivault_13, minmay_shoptagon
Elf:2:    elven_hall_of_blades_hangedman_original
          [nicolae_blade_entry_sentries_behind_glass], layout_rooms,
          serial_shops, nicolae_stop_n_shop_1, drop_trap
Elf:3:    elf_hall_gauntlet_narrow, layout_geoelf_castle, serial_shops,
          nicolae_shop_waterfront
Vaults:1: mu_enter_wizlab_2, vaults_mumra_lcd, v_misc_30,
          nicolae_vaults_little_squares_6, nicolae_vaults_know_your_exits,
          nicolae_vaults_alarming, vaults_mumra_hexcomb,
          grunt_vaults_hallway_short, nicolae_vaults_big_angled_halls,
          vaults_room_pools, hangedman_vaults_slice,
          nicolae_vaults_angled_halls, ontoclasm_vaults_pinch,
          layout_vaults_omnicross, serial_shops, nicolae_shop_behind_doors,
          uniq_nikola

Skill      XL: |  1  2  3  4  5  6  7  8  9 10 11 12 13 14 15 16 17 18 19 |
---------------+----------------------------------------------------------+-----
Hexes          | 4 5 6 8 10 11 13 15 16 17 18 19 20 21 | 21.2
Bows           | 3 4 5 6 7 8 9 11 12 13 14 15 16 | 16.6
Fighting       | 1 2 3 4 5 6 7 8 9 10 11 | 11.7
Spellcasting   | 2 3 4 6 8 9 10 12 13 14 16 17 18 19 | 19.0
Dodging        | 3 4 6 9 10 12 13 15 16 17 | 17.0
Stealth        | 1 3 4 5 |  5.9
Short Blades   | 1 3 5 |  5.5
Armour         | 1 3 4 |  4.3
Translocations | 2 3 6 7 8 9 10 | 10.4
Transmutations | 4 5 6 |  6.9
Invocations    | 4 6 7 9 |  9.3
Evocations     | 1 2 |  2.3

Action                   |  1- 3 |  4- 6 |  7- 9 | 10-12 | 13-15 | 16-18 | 19-21 || total
-------------------------+-------+-------+-------+-------+-------+-------+-------++-------
Melee: Short sword       |       |     5 |    15 |    15 |     2 |       |       ||    37
       Punch             |       |       |     1 |       |       |     3 |     1 ||     5
       Rapier            |       |       |       |       |    16 |       |       ||    16
       Dagger            |       |       |       |       |       |   157 |    66 ||   223
       Shortbow          |       |       |       |       |       |     1 |       ||     1
 Fire: Shortbow          |   101 |   169 |   333 |   626 |  1402 |  2082 |   365 ||  5078
 Cast: Slow              |    19 |    31 |    76 |   144 |   156 |    70 |     1 ||   497
       Inner Flame       |       |       |    36 |   106 |   229 |   237 |    26 ||   634
       Ensorcelled Hiber |       |       |     3 |     2 |     4 |     2 |       ||    11
       Portal Projectile |       |       |     1 |    28 |    32 |    46 |    11 ||   118
       Metabolic Englaci |       |       |       |     2 |     4 |     2 |     2 ||    10
       Summon Mana Viper |       |       |       |       |    19 |    42 |    24 ||    85
       Shock             |       |       |       |       |     2 |       |       ||     2
       Silence           |       |       |       |       |     1 |     2 |     1 ||     4
       Passwall          |       |       |       |       |       |     3 |       ||     3
       Yara's Violent Un |       |       |       |       |       |    52 |     5 ||    57
       Olgreb's Toxic Ra |       |       |       |       |       |     6 |     6 ||    12
       Ignite Poison     |       |       |       |       |       |     3 |     6 ||     9
       Cause Fear        |       |       |       |       |       |     1 |       ||     1
       Leda's Liquefacti |       |       |       |       |       |       |     1 ||     1
Invok: Heal Self         |       |       |       |       |     4 |     2 |     6 ||    12
       Divine Vigour     |       |       |       |       |       |     1 |     1 ||     2
       Purification      |       |       |       |       |       |     1 |       ||     1
       Heal Other        |       |       |       |       |       |     1 |       ||     1
 Abil: Evoke Blink       |       |       |       |       |       |     1 |     1 ||     2
Evoke: Wand              |       |       |       |       |    17 |    10 |       ||    27
       Box of beasts     |       |       |       |       |     2 |       |       ||     2
       Phantom mirror    |       |       |       |       |       |     1 |       ||     1
  Use: Scroll            |     7 |     2 |     9 |    12 |    20 |    13 |     3 ||    66
       Potion            |       |       |     1 |       |    18 |    19 |     3 ||    41
 Stab: Sleeping          |       |     1 |       |     1 |       |     6 |       ||     8
Armor: Robe              |     1 |     3 |    18 |       |       |       |       ||    22
       Troll leather arm |       |       |       |    39 |    78 |       |       ||   117
       Animal skin       |       |       |       |       |    41 |    57 |    12 ||   110
Dodge: Dodged            |    18 |    36 |   110 |   149 |   582 |   574 |   140 ||  1609
Block: Other             |       |       |       |       |    65 |   106 |    24 ||   195
       Reflection        |       |       |       |       |    12 |    24 |     5 ||    41

Table legend: (Time is in decaauts)
 A = Elapsed time spent in this place.
 B = Non-inter-level travel time spent in this place.
 C = Inter-level travel time spent in this place.
 D = Time resting spent in this place.
 E = Time spent auto-exploring this place.
 F = Levels seen in this place.
 G = Mean time per level.
                   A        B        C        D        E       F      G
               +--------+--------+--------+--------+--------+-----+--------+
         Total |  71475 |  67341 |   4134 |  40336 |  14929 |  38 | 1880.9 |
       Dungeon |  22799 |  19947 |   2852 |  10376 |   5684 |  15 | 1519.9 |
        Temple |    274 |    231 |     43 |      0 |    147 |   1 |  274.0 |
          Lair |  10548 |   9840 |    708 |   5063 |   2734 |   6 | 1758.0 |
        Shoals |  10069 |   9942 |    127 |   7044 |   1493 |   4 | 2517.2 |
     Snake Pit |  11533 |  11373 |    160 |   7368 |   2205 |   4 | 2883.2 |
  Orcish Mines |   2995 |   2866 |    129 |   1970 |    562 |   2 | 1497.5 |
   Elven Halls |   7521 |   7430 |     91 |   5079 |   1168 |   3 | 2507.0 |
        Vaults |   2844 |   2823 |     21 |   1779 |    493 |   1 | 2844.0 |
        Wizlab |   2223 |   2223 |      0 |   1317 |    331 |   1 | 2223.0 |
      Gauntlet |    664 |    664 |      0 |    337 |    109 |   1 |  664.0 |
               +--------+--------+--------+--------+--------+-----+--------+

Top non-repeatable levels by time:
Shoals:3: 5505 daAuts
  Lair:6: 4271 daAuts
    D:12: 4150 daAuts
   Elf:1: 3641 daAuts
 Snake:4: 3602 daAuts
 Snake:1: 3030 daAuts
 Snake:3: 2874 daAuts
Vaults:1: 2844 daAuts
   Elf:3: 2579 daAuts
   Orc:2: 2471 daAuts
  WizLab: 2223 daAuts
    D:13: 2208 daAuts
 Snake:2: 2025 daAuts
Shoals:4: 1959 daAuts
    D:10: 1830 daAuts
